[Event "Icelandic Open 2019"]
[Site "Akureyri"]
[Date "2019.05.26"]
[Round "2.14"]
[White "Johannsson, Birkir Isak"]
[Black "Sigurdarson, Tomas Veigar"]
[Result "1/2-1/2"]
[ECO "A65"]
[WhiteElo "1981"]
[BlackElo "1994"]
[Annotator "NA"]
[PlyCount "143"]
[EventDate "2019.05.25"]
[EventType "swiss"]
[EventCountry "ISL"]
[SourceTitle "playchess.com"]
[Source "ChessBase"]
[SourceQuality "1"]
[TimeControl "40/5400+30:1800+30"]

1. d4 Nf6 2. c4 g6 3. Nc3 Bg7 4. e4 d6 5. h3 O-O 6. Nf3 Na6 7. Bg5 c5 8. d5 e6 9. Bd3 exd5 10. cxd5 Re8 {[%emt 0:05:27] A65: Modern Benoni: 6 e4} (10... h6 11. Be3 b5 12. O-O c4 13. Bc2 b4 14. Ne2 Re8 15. Ng3 Bd7 16. Rc1 Qa5 17. Bb1 Rac8 18. Nd4 {1-0 (54) Peralta,F (2596)-Grigoryan,K (2592) Barbera del Valles 2014}) 11. O-O Bd7 12. Re1 Nc7 13. a4 a6 14. a5 $146 ({Predecessor:} 14. Qd2 b5 15. Qf4 b4 16. Nb1 Ncxd5 17. exd5 Rxe1+ 18. Nxe1 Nxd5 19. Qd2 Qe8 20. Nf3 Bc6 {1-0 (29) Horvath,C (2485)-Szirmai,E (2275) Kobanya 1992}) 14... Qb8 (14... h6 $14 15. Bd2 Bb5) 15. Bf4 Nb5 16. Qb3 Nxc3 17. bxc3 c4 18. Bxc4 ({Avoid the trap} 18. Qxc4 $2 Bb5 $17) 18... Nxe4 19. Re3 Qc7 20. Rae1 f5 21. Ng5 Nxg5 22. Rxe8+ Bxe8 $14 23. Bxg5 Bf8 24. Bf1 Rc8 25. c4 Bf7 26. Qb4 Rb8 27. Rb1 h6 28. Be3 Bg7 29. Bb6 Qe7 30. Ba7 Re8 31. Qxb7 Qe4 32. Qb3 Re7 33. Bb6 Be8 34. Qd3 Qf4 35. Rd1 Ba4 36. Rd2 Re1 37. Re2 Ra1 38. Be3 Qh4 39. f4 Qg3 40. Qd2 Rd1 41. Qb4 Bc2 42. Bf2 Qb3 43. Qxb3 Bxb3 44. Re1 Rd2 45. Re6 Rd1 46. Be1 Bd4+ 47. Kh2 Kf7 48. g4 fxg4 49. hxg4 g5 50. Bg2 gxf4 51. Bb4 Bxc4 52. Bxd6 Be3 53. Re5 Rd2 54. Kh3 Bb5 55. Rf5+ Kg6 56. Bxf4 Bxf4 57. Rxf4 Ra2 58. Rd4 Bd7 59. Be4+ Kf6 60. Bf5 Ke5 61. Rd3 Kd6 62. Bxd7 Kxd7 63. Kh4 Rh2+ 64. Kg3 Ra2 65. Kf4 Rxa5 66. Kf5 Ra4 67. Rh3 Rd4 68. Rxh6 Rxd5+ 69. Kf4 Ra5 70. g5 Ke7 71. Rh7+ Kf8 72. Ra7 1/2-1/2

[Event "Icelandic Open 2019"]
[Site "Akureyri"]
[Date "2019.05.26"]
[Round "2.15"]
[White "Ruelland, Geoffrey"]
[Black "Barthel, Ansgar"]
[Result "1/2-1/2"]
[ECO "B03"]
[WhiteElo "1955"]
[BlackElo "2062"]
[Annotator "NA"]
[PlyCount "91"]
[EventDate "2019.05.25"]
[EventType "swiss"]
[EventCountry "ISL"]
[SourceTitle "playchess.com"]
[Source "ChessBase"]
[SourceQuality "1"]
[TimeControl "40/5400+30:1800+30"]

1. e4 Nf6 2. e5 Nd5 3. d4 d6 4. c4 Nb6 5. exd6 cxd6 6. Nc3 g6 7. Be3 Bg7 8. Rc1 O-O 9. b3 Bf5 10. Be2 {[%emt 0:02:38] B03: Alekhine's Defence: Four Pawns Attack} d5 11. c5 Nc8 12. Nf3 (12. Bf3 e6 13. g4 Be4 14. Nxe4 dxe4 15. Bxe4 Nc6 16. Ne2 N8e7 17. O-O Qd7 {1-0 (34) Corrales Jimenez,F (2559)-Zhao,J (2610) chess.com INT 2019}) 12... Bg4 13. O-O Nc6 14. Qd2 $146 ({Predecessor:} 14. h3 Bxf3 15. Bxf3 e6 16. Qd2 N8e7 {½-½ (36) Keller,H (2024)-Schrems,H (2084) Freudenstadt 2016}) 14... e6 15. Rfd1 N8e7 16. h3 Bxf3 $1 17. Bxf3 Nf5 18. Ne2 $1 Nh4 19. Bf4 Nxf3+ 20. gxf3 Qd7 21. Kg2 Rfe8 22. Bd6 Ne7 23. Bxe7 Rxe7 24. f4 f6 25. Rc3 Qc6 26. Kg1 $11 Rae8 27. Re3 e5 28. dxe5 Qxc5 29. Qxd5+ Qxd5 30. Rxd5 fxe5 31. fxe5 Rxe5 32. Rexe5 Rxe5 33. Rd8+ Kf7 34. Kf1 Bf6 35. Rd3 Ke8 36. Nf4 Rf5 37. Nd5 Bh4 38. f3 Re5 39. Rd1 Bd8 40. Kf2 Re6 41. f4 Rc6 42. Rd2 Rc1 43. Kf3 Rh1 44. Kg2 Re1 45. Kf3 Rh1 46. Ke4 1/2-1/2

[Event "Icelandic Open 2019"]
[Site "Akureyri"]
[Date "2019.05.26"]
[Round "3.1"]
[White "Sokolov, Ivan"]
[Black "Gunnarsson, Jon Viktor"]
[Result "1-0"]
[ECO "B37"]
[WhiteElo "2593"]
[BlackElo "2452"]
[Annotator "RC"]
[PlyCount "80"]
[EventDate "2019.05.25"]
[EventType "swiss"]
[EventCountry "ISL"]
[SourceTitle "playchess.com"]
[Source "ChessBase"]
[SourceQuality "1"]
[TimeControl "40/5400+30:1800+30"]

1. d4 Nf6 2. Nf3 g6 3. c4 c5 4. Nc3 cxd4 5. Nxd4 Nc6 6. Nc2 Bg7 7. e4 O-O 8. Be2 d6 9. O-O b6 10. Be3 Bb7 11. Qd2 Rc8 12. f3 a6 13. Kh1 Ne5 14. b3 Qc7 15. Bd4 Rfd8 16. Rac1 e6 17. Rfd1 Nc6 18. Be3 Nd7 19. Bg5 f6 20. Bh6 Nde5 21. Bxg7 Kxg7 22. Ne3 Ne7 23. f4 Nf7 24. Bf3 Ba8 25. Ne2 e5 26. Bg4 Rb8 27. Nd5 Nxd5 28. cxd5 Qe7 29. Rc3 Re8 30. Be6 Nd8 31. f5 Nxe6 32. fxe6 Rb7 33. Rdc1 b5 34. b4 Ra7 35. Qe3 f5 36. Qb6 Rb7 37. Qxa6 fxe4 38. Ng3 e3 39. Ne4 Rd8 40. Qxb7 Qxb7 1-0

[Event "Icelandic Open 2019"]
[Site "Akureyri"]
[Date "2019.05.26"]
[Round "3.3"]
[White "Stefansson, Hannes"]
[Black "Thorfinnsson, Bjorn"]
[Result "0-1"]
[ECO "C78"]
[WhiteElo "2561"]
[BlackElo "2389"]
[Annotator "ChessBase"]
[PlyCount "58"]
[EventDate "2019.05.25"]
[EventType "swiss"]
[EventCountry "ISL"]
[SourceTitle "playchess.com"]
[Source "ChessBase"]
[SourceQuality "1"]
[TimeControl "40/5400+30:1800+30"]

1. e4 e5 2. Nf3 Nc6 3. Bb5 a6 4. Ba4 Nf6 5. O-O b5 6. Bb3 Bc5 7. a4 Rb8 8. Nxe5 Nxe5 9. d4 Bxd4 10. Qxd4 d6 11. f3 O-O 12. axb5 axb5 13. Rd1 Be6 14. Bg5 h6 15. Bh4 c5 16. Qf2 c4 17. Ba2 Ra8 18. c3 Nd3 19. Qe2 Qb8 20. Bf2 d5 21. exd5 Nxd5 22. g3 Re8 23. Na3 Bg4 24. Qf1 Bxf3 25. Rxd3 cxd3 26. Qxd3 Be4 27. Qf1 b4 28. cxb4 Qxb4 29. Qc1 Rec8 0-1

[Event "Icelandic Open 2019"]
[Site "Akureyri"]
[Date "2019.05.26"]
[Round "3.4"]
[White "Gislason, Gudmundur"]
[Black "Steingrimsson, Hedinn"]
[Result "1-0"]
[ECO "A07"]
[WhiteElo "2288"]
[BlackElo "2549"]
[Annotator "RC"]
[PlyCount "83"]
[EventDate "2019.05.25"]
[EventType "swiss"]
[EventCountry "ISL"]
[SourceTitle "playchess.com"]
[Source "ChessBase"]
[SourceQuality "1"]
[TimeControl "40/5400+30:1800+30"]

1. Nf3 d5 2. g3 Nf6 3. Bg2 Bf5 4. d3 e6 5. h3 h6 6. Nbd2 Be7 7. O-O Bh7 8. c4 c6 9. cxd5 exd5 10. Nb3 O-O 11. Bd2 a5 12. a4 Re8 13. Rc1 Bb4 14. Nfd4 Ra7 15. g4 Qd6 16. f4 b6 17. Kh1 Rae7 18. Rf2 c5 19. Nb5 Qd7 20. f5 Bxd2 21. Nxd2 d4 22. Nc4 Nd5 23. Nbd6 Ne3 24. Qb3 Nxg2 25. Nxe8 Nh4 26. Ned6 Qc6+ 27. Ne4 Nd7 28. Qb5 Qc7 29. Ncd6 Kh8 30. Qc4 Bg8 31. Qxd4 f6 32. Nb5 Qb7 33. Qe3 c4 34. Nbd6 Qc6 35. Qg3 Nc5 36. Kh2 Nxe4 37. Nxe4 Rxe4 38. dxe4 Qxe4 39. Qxh4 Qe3 40. Rd1 Qe5+ 41. Qg3 Qxb2 42. Rd8 1-0

[Event "Icelandic Open 2019"]
[Site "Akureyri"]
[Date "2019.05.26"]
[Round "3.8"]
[White "Petursson, Gudni"]
[Black "Jonsson, Stefan G"]
[Result "1-0"]
[ECO "A10"]
[WhiteElo "2045"]
[BlackElo "1568"]
[Annotator "NA RC"]
[PlyCount "69"]
[EventDate "2019.05.25"]
[EventType "swiss"]
[EventCountry "ISL"]
[SourceTitle "playchess.com"]
[Source "ChessBase"]
[SourceQuality "1"]
[TimeControl "40/5400+30:1800+30"]

1. c4 f5 2. g3 Nf6 3. Bg2 e6 4. b3 Be7 5. Bb2 O-O 6. Nf3 c6 7. O-O a5 8. a3 d6 9. d4 Qc7 10. Nc3 Bd7 11. Rc1 Rd8 12. Qc2 c5 13. e4 fxe4 14. Nxe4 cxd4 15. Nxd4 e5 16. Nxf6+ Bxf6 17. Bd5+ Kh8 18. Nb5 Qb6 19. a4 Na6 20. Kg2 Rac8 21. Ba3 Nc5 22. f4 Bc6 23. Rcd1 Re8 24. Nxd6 Qxb3 25. Qxb3 Nxb3 26. Nxe8 Rxe8 27. Bxc6 bxc6 28. fxe5 Rxe5 29. Rfe1 Rxe1 30. Rxe1 h6 31. Re8+ Kh7 32. Rc8 Nd4 33. Bb2 c5 34. Rxc5 Nb3 35. Rb5 1-0

[Event "Icelandic Open 2019"]
[Site "Akureyri"]
[Date "2019.05.26"]
[Round "3.9"]
[White "Sigurdarson, Tomas Veigar"]
[Black "Pupols, Viktors"]
[Result "1/2-1/2"]
[ECO "B13"]
[WhiteElo "1994"]
[BlackElo "2023"]
[Annotator "NA RC"]
[PlyCount "69"]
[EventDate "2019.05.25"]
[EventType "swiss"]
[EventCountry "ISL"]
[SourceTitle "playchess.com"]
[Source "ChessBase"]
[SourceQuality "1"]
[TimeControl "40/5400+30:1800+30"]

1. e4 c6 2. d4 d5 3. exd5 cxd5 4. Bd3 Nc6 5. c3 Nf6 6. Bf4 Bg4 7. Qb3 Qc8 8. Nd2 e6 9. Ngf3 Be7 10. O-O O-O 11. Ne5 Bh5 12. Ndf3 Nxe5 13. Nxe5 Bg6 14. Qc2 Bxd3 15. Qxd3 Ne4 16. f3 Nd6 17. Rfe1 Nc4 18. Re2 Nxe5 19. Rxe5 Re8 20. Rh5 g6 21. Rh3 Qd7 22. Qe3 f6 23. Re1 Bf8 24. g4 Rac8 25. Kg2 e5 26. dxe5 fxe5 27. Bxe5 Bg7 28. Qg5 Bxe5 29. Rxe5 Rxe5 30. Qxe5 Re8 31. Qf4 Re2+ 32. Kg3 Rxb2 33. Qb8+ Kg7 34. Qe5+ Kg8 35. Qb8+ 1/2-1/2

[Event "Icelandic Open 2019"]
[Site "Akureyri"]
[Date "2019.05.26"]
[Round "3.11"]
[White "Finnbogadottir, Tinna Kristin"]
[Black "Sarkar, Justin"]
[Result "0-1"]
[ECO "C21"]
[WhiteElo "1855"]
[BlackElo "2358"]
[Annotator "NA RC"]
[PlyCount "69"]
[EventDate "2019.05.25"]
[EventType "swiss"]
[EventCountry "ISL"]
[SourceTitle "playchess.com"]
[Source "ChessBase"]
[SourceQuality "1"]
[TimeControl "40/5400+30:1800+30"]

1. e4 e5 2. d4 exd4 3. Nf3 Bb4+ 4. c3 dxc3 5. bxc3 Bc5 6. Bc4 d6 7. Ng5 Nh6 8. O-O Nc6 9. Bf4 Ne5 10. Bxe5 Qxg5 11. Bd4 Ng4 12. Nd2 Qf4 13. Nf3 O-O 14. Qd3 Nf6 15. Bxc5 dxc5 16. e5 Bf5 17. Qe2 Ne4 18. Rac1 Rad8 19. g3 Qg4 20. Rfd1 Rxd1+ 21. Qxd1 Nxf2 22. Bxf7+ Rxf7 23. Kxf2 Be4 24. e6 Rxf3+ 25. Kg1 Rxg3+ 26. hxg3 Qxg3+ 27. Kf1 Bg2+ 28. Ke2 Bf3+ 29. Kf1 Qg2+ 30. Ke1 Qg1+ 31. Kd2 Qf2+ 32. Kd3 Bxd1 33. Rxd1 c4+ 34. Ke4 Qe2+ 35. Kd4 0-1

[Event "Icelandic Open 2019"]
[Site "Akureyri"]
[Date "2019.05.26"]
[Round "3.12"]
[White "Thorhallsson, Simon"]
[Black "Eiriksson, Sigurdur"]
[Result "1-0"]
[ECO "E81"]
[WhiteElo "2184"]
[BlackElo "1811"]
[Annotator "NA"]
[PlyCount "39"]
[EventDate "2019.05.25"]
[EventType "swiss"]
[EventCountry "ISL"]
[SourceTitle "playchess.com"]
[Source "ChessBase"]
[SourceQuality "1"]
[TimeControl "40/5400+30:1800+30"]

1. d4 Nf6 2. c4 g6 3. f3 Bg7 4. e4 d6 5. Nc3 O-O 6. Be3 a6 7. Qd2 c6 8. Nge2 b5 9. Nf4 e5 10. dxe5 dxe5 11. Qxd8 Rxd8 12. Nd3 Be6 13. Nc5 Bxc4 14. Bxc4 bxc4 15. N3a4 Nbd7 16. O-O-O Nxc5 17. Nxc5 Bf8 18. Kc2 Bxc5 19. Bxc5 Nd7 20. Be7 1-0

[Event "Icelandic Open 2019"]
[Site "Akureyri"]
[Date "2019.05.26"]
[Round "3.13"]
[White "Ptacnikova, Lenka"]
[Black "Leosson, Atli Johann"]
[Result "1-0"]
[ECO "C68"]
[WhiteElo "2145"]
[BlackElo "1790"]
[Annotator "NA RC"]
[PlyCount "83"]
[EventDate "2019.05.25"]
[EventType "swiss"]
[EventCountry "ISL"]
[SourceTitle "playchess.com"]
[Source "ChessBase"]
[SourceQuality "1"]
[TimeControl "40/5400+30:1800+30"]

1. e4 e5 2. Nf3 Nc6 3. Bb5 a6 4. Bxc6 dxc6 5. Nc3 Bd6 6. d4 Qe7 7. dxe5 Bxe5 8. Nxe5 Qxe5 9. Be3 Nf6 10. Qd4 Qxd4 11. Bxd4 Be6 12. O-O-O O-O-O 13. f3 Rhg8 14. Rd2 Nd7 15. Rhd1 f6 16. Ne2 c5 17. Be3 b6 18. Nf4 Bf7 19. Nd5 Bxd5 20. Rxd5 Ne5 21. Bf4 Ng6 22. Bg3 Rxd5 23. Rxd5 Re8 24. Kd2 Ne7 25. Rd3 Nc6 26. c3 Ne5 27. Bxe5 Rxe5 28. Ke3 Re7 29. Kf4 g6 30. g4 h6 31. Rd5 Re6 32. h4 c6 33. Rd2 Kc7 34. h5 gxh5 35. Kf5 Re5+ 36. Kxf6 Rg5 37. gxh5 Rxh5 38. e5 Rh3 39. f4 b5 40. e6 Re3 41. e7 a5 42. Rd8 1-0

[Event "Icelandic Open 2019"]
[Site "Akureyri"]
[Date "2019.05.26"]
[Round "3.14"]
[White "Hardarson, Petur Palmi"]
[Black "Karlsson, Mikael Johann"]
[Result "1/2-1/2"]
[ECO "D52"]
[WhiteElo "1847"]
[BlackElo "2146"]
[Annotator "NA RC"]
[PlyCount "133"]
[EventDate "2019.05.25"]
[EventType "swiss"]
[EventCountry "ISL"]
[SourceTitle "playchess.com"]
[Source "ChessBase"]
[SourceQuality "1"]
[TimeControl "40/5400+30:1800+30"]

1. d4 Nf6 2. c4 e6 3. Nf3 d5 4. Nc3 c6 5. Bg5 Nbd7 6. e3 Qa5 7. cxd5 Nxd5 8. Rc1 {[%emt 0:00:38] D52: Queen's Gambit Declined: Cambridge Springs Variation} Bb4 (8... Nxc3 9. bxc3 Ba3 10. Rc2 b6 11. Be2 Ba6 12. O-O Bxe2 13. Rxe2 O-O 14. Qc2 c5 15. d5 exd5 {½-½ (68) Yu,Y (2764)-Dreev,A (2670) chess.com INT 2019}) 9. a3 Bxc3+ 10. bxc3 Qxa3 11. Qc2 h6 12. Bh4 c5 $146 ({Predecessor:} 12... O-O 13. Bd3 Re8 14. Bg3 b6 15. e4 N5f6 {½-½ (28) Oatlhotse,P (2226)-Gaealafshwe,B (2161) Gaborone 2010}) 13. Be2 cxd4 14. cxd4 Qa5+ 15. Nd2 O-O 16. O-O b5 17. Ra1 Qb6 18. Rfb1 Ba6 19. Rb3 Rfc8 20. Qb2 Rab8 21. Bg3 e5 22. Rba3 Nc3 23. Bg4 Na4 24. Qb4 Rd8 25. Bxd7 Rxd7 26. Nf3 e4 27. Bxb8 exf3 28. Bg3 Qg6 29. Rc1 h5 30. h4 fxg2 31. Qa5 Kh7 32. Raa1 Qe6 33. Rc7 Qh3 34. Bh2 {[%emt 0:00:06] [#]} Bb7 $1 35. Rxd7 Qxd7 36. Qxa7 Nc3 37. Re1 {[%emt 0:01:04] [#]} Ne4 $1 38. Qa2 Qf5 39. Qe2 Nc3 40. Qd2 b4 41. Qb2 Ne4 42. f3 Qxf3 43. Qxg2 Qxg2+ (43... Nd2 $2 44. Qxf3 Nxf3+ 45. Kf2 $19) 44. Kxg2 Nc3+ $2 (44... b3 $19 45. d5 f6) 45. d5 Bxd5+ 46. Kg1 f6 47. Bd6 b3 $15 48. Ba3 Bf3 49. Kf2 Bg4 50. Kg3 Nd1 51. Kf4 Kh6 52. e4 g5+ 53. Kg3 Kg6 54. e5 fxe5 55. Rxe5 gxh4+ 56. Kxh4 Nf2 57. Rb5 Bd1 58. Bb2 Nd3 59. Bc3 Kf7 60. Rb6 Ke7 61. Bd4 Kd7 62. Kg5 Kc7 63. Kh4 Ne1 64. Bf2 Nd3 65. Bd4 Ne5 66. Rxb3 Nf3+ 67. Rxf3 1/2-1/2

[Event "Icelandic Open 2019"]
[Site "Akureyri"]
[Date "2019.05.26"]
[Round "3.15"]
[White "Briem, Benedikt"]
[Black "Bergsson, Stefan"]
[Result "0-1"]
[ECO "D02"]
[WhiteElo "1811"]
[BlackElo "2124"]
[Annotator "NA RC"]
[PlyCount "166"]
[EventDate "2019.05.25"]
[EventType "swiss"]
[EventCountry "ISL"]
[SourceTitle "playchess.com"]
[Source "ChessBase"]
[SourceQuality "1"]
[TimeControl "40/5400+30:1800+30"]

1. d4 d5 2. Nf3 Nf6 3. Bf4 c5 4. e3 Nc6 5. c3 e6 6. Bd3 Bd6 7. Bg3 Bxg3 8. hxg3 Qd6 9. Nbd2 e5 {[%emt 0:01:37] D02: 1 d4 d5 2 Nf3 sidelines, including 2...Nf6 3 g3 and 2...Nf6 3 Bf4} (9... h6 10. O-O O-O 11. Re1 Rd8 12. Qe2 e5 {½-½ (12) Prohaszka,P (2596)-Khismatullin,D (2651) Minsk 2017}) 10. dxe5 Nxe5 11. Nxe5 Qxe5 12. Nf3 Qc7 13. Qa4+ Bd7 14. Qf4 Rc8 $146 ({Predecessor:} 14... Qxf4 15. gxf4 {0-1 (58) Korotkjevich,S (2372)-Sonntag,H (2350) Germany 2018}) 15. Qxc7 Rxc7 16. Ne5 Be6 17. Bb5+ Ke7 18. a4 Kd6 19. Nf3 c4 20. a5 Rc5 21. Nd4 a6 22. Ba4 g6 23. Bc2 h5 24. f3 Re8 25. Kf2 Bc8 26. Rhd1 Ke5 27. Re1 Kd6 28. Red1 Kc7 29. Rd2 Nd7 30. Ra2 Nf6 31. Rd1 Re5 32. Rd2 Kb8 33. Ra1 Rc7 34. Re2 Rce7 35. Rae1 Re8 36. Rd1 Kc7 37. Rde1 Bd7 38. Ra1 Kd6 39. Rae1 Kc5 40. Ra1 Bc6 41. Ree1 R5e7 42. Ra2 Nd7 43. Ra3 Ne5 44. Raa1 Bb5 45. Rad1 Bc6 46. Ra1 Rb8 47. Ra2 Kd6 48. Ke2 Nd7 49. Kd2 Nc5 50. b4 cxb3 51. Bxb3 b6 52. axb6 Rxb6 53. Bc2 Reb7 54. Rea1 Rb2 55. Rxb2 Rxb2 56. Rb1 Rxb1 57. Bxb1 a5 58. Ba2 a4 59. c4 dxc4 60. Nxc6 Kxc6 61. Bxc4 Ne6 62. Kc3 Kc5 63. f4 Nd8 64. e4 f6 65. Bd5 g5 66. Bc4 h4 $11 67. gxh4 gxh4 68. e5 fxe5 69. fxe5 Nc6 70. e6 a3 71. Be2 Kd6 72. Bg4 Nd4 73. Bd1 Ke7 74. Bg4 Kf6 75. Bd1 Nb5+ 76. Kb3 Kxe6 77. Kb4 Ke5 78. Bb3 Nd4 79. Ba2 Nc2+ 80. Kb3 Ne3 81. Kxa3 Nxg2 82. Bf7 h3 83. Bd5 Kxd5 0-1

[Event "Icelandic Open 2019"]
[Site "Akureyri"]
[Date "2019.05.27"]
[Round "4.1"]
[White "Thorfinnsson, Bjorn"]
[Black "Sokolov, Ivan"]
[Result "0-1"]
[ECO "A21"]
[WhiteElo "2389"]
[BlackElo "2593"]
[Annotator "ChessBase"]
[PlyCount "32"]
[EventDate "2019.05.25"]
[EventType "swiss"]
[EventCountry "ISL"]
[SourceTitle "playchess.com"]
[Source "ChessBase"]
[SourceQuality "1"]
[TimeControl "40/5400+30:1800+30"]

1. c4 e5 2. Nc3 Bb4 3. Nd5 Be7 4. d4 d6 5. c5 Nf6 6. Nxe7 Qxe7 7. cxd6 cxd6 8. b3 Nc6 9. d5 Nb4 10. Ba3 Nbxd5 11. e4 Qc7 12. Bb5+ Ke7 13. Qd2 Nxe4 14. Qxd5 Qc3+ 15. Ke2 Qc2+ 16. Ke3 Qxf2+ 0-1

[Event "Icelandic Open 2019"]
[Site "Akureyri"]
[Date "2019.05.27"]
[Round "4.4"]
[White "Hillarp Persson, Tiger"]
[Black "Petursson, Gudni"]
[Result "1-0"]
[ECO "D02"]
[WhiteElo "2563"]
[BlackElo "2045"]
[Annotator "ChessBase"]
[PlyCount "61"]
[EventDate "2019.05.25"]
[EventType "swiss"]
[EventCountry "ISL"]
[SourceTitle "playchess.com"]
[Source "ChessBase"]
[SourceQuality "1"]
[TimeControl "40/5400+30:1800+30"]

1. Nf3 Nf6 2. g3 d5 3. Bg2 Nc6 4. d4 Bf5 5. c4 e6 6. O-O Be7 7. Nc3 dxc4 8. Qa4 O-O 9. Qxc4 Bg6 10. Bg5 Nd5 11. Bxe7 Ncxe7 12. Ne5 c6 13. Nxg6 hxg6 14. Rfd1 Nxc3 15. bxc3 Qa5 16. Qb3 Rab8 17. a4 Rfd8 18. e3 Nd5 19. Rdc1 Nf6 20. Qb4 Qc7 21. a5 a6 22. Rab1 Nd7 23. Qa3 e5 24. Rc2 exd4 25. cxd4 Nf6 26. h4 Qd7 27. Qc5 Ne8 28. Rcb2 Qc7 29. Rb6 Nd6 30. d5 Nc8 31. dxc6 1-0

[Event "Icelandic Open 2019"]
[Site "Akureyri"]
[Date "2019.05.27"]
[Round "4.5"]
[White "Kristjansson, Olafur"]
[Black "Stefansson, Hannes"]
[Result "0-1"]
[ECO "B56"]
[WhiteElo "2069"]
[BlackElo "2561"]
[Annotator "RC"]
[PlyCount "71"]
[EventDate "2019.05.25"]
[EventType "swiss"]
[EventCountry "ISL"]
[SourceTitle "playchess.com"]
[Source "ChessBase"]
[SourceQuality "1"]
[TimeControl "40/5400+30:1800+30"]

1. e4 c5 2. Nf3 Nc6 3. d4 cxd4 4. Nxd4 Nf6 5. Nc3 d6 6. Be3 Ng4 7. Bb5 Nxe3 8. fxe3 Bd7 9. O-O e6 10. Bxc6 bxc6 11. e5 dxe5 12. Qh5 Qe7 13. Qxe5 f6 14. Qh5+ Qf7 15. Qf3 Rc8 16. Rad1 Qg6 17. Rf2 Bb4 18. e4 O-O 19. Nb3 Be8 20. Re1 Qg5 21. Qh3 Qe5 22. Rf3 Bh5 23. Rd3 Rcd8 24. a3 Rxd3 25. Qxd3 Bd6 26. g3 f5 27. Rf1 f4 28. gxf4 Rxf4 29. Rxf4 Qxf4 30. Qg3 Qxg3+ 31. hxg3 Bxg3 32. Nd4 Bf4 33. Kf1 Bc1 34. Na4 e5 35. Nb3 Be3 36. Ke1 0-1

[Event "Icelandic Open 2019"]
[Site "Akureyri"]
[Date "2019.05.27"]
[Round "4.7"]
[White "Bergsson, Stefan"]
[Black "Kjartansson, Gudmundur"]
[Result "0-1"]
[ECO "A36"]
[WhiteElo "2124"]
[BlackElo "2454"]
[Annotator "RC"]
[PlyCount "58"]
[EventDate "2019.05.25"]
[EventType "swiss"]
[EventCountry "ISL"]
[SourceTitle "playchess.com"]
[Source "ChessBase"]
[SourceQuality "1"]
[TimeControl "40/5400+30:1800+30"]

1. c4 c5 2. Nc3 g6 3. g3 Bg7 4. Bg2 Nc6 5. a3 d6 6. Rb1 Nh6 7. e3 Bd7 8. Nge2 Nf5 9. b4 Rb8 10. O-O h5 11. h3 b6 12. b5 Na5 13. d3 Bc8 14. Bb2 Bb7 15. e4 Nd4 16. Nxd4 cxd4 17. Ne2 e5 18. f4 Bc8 19. f5 Nb7 20. Rf3 Nc5 21. Qf1 gxf5 22. Nc1 fxe4 23. Rxf7 Rb7 24. Rxb7 Bxb7 25. dxe4 Qg5 26. Qf5 Qe3+ 27. Kh2 Bxe4 28. Qc8+ Ke7 29. Qc7+ Nd7 0-1

[Event "Icelandic Open 2019"]
[Site "Akureyri"]
[Date "2019.05.27"]
[Round "4.8"]
[White "Gunnarsson, Jon Viktor"]
[Black "Jonsson, Gauti Pall"]
[Result "1/2-1/2"]
[ECO "B06"]
[WhiteElo "2452"]
[BlackElo "2033"]
[Annotator "RC"]
[PlyCount "88"]
[EventDate "2019.05.25"]
[EventType "swiss"]
[EventCountry "ISL"]
[SourceTitle "playchess.com"]
[Source "ChessBase"]
[SourceQuality "1"]
[TimeControl "40/5400+30:1800+30"]

1. e4 c5 2. Nf3 g6 3. c3 d5 4. e5 Bg7 5. d4 Nc6 6. h3 Qc7 7. Be3 Bf5 8. Nbd2 f6 9. Bb5 fxe5 10. Nxe5 Bxe5 11. dxe5 a6 12. Bxc6+ Qxc6 13. O-O Rd8 14. b4 d4 15. cxd4 cxd4 16. Bg5 h6 17. Bh4 Qb5 18. Re1 Qxb4 19. a3 Qb5 20. Ne4 Bxe4 21. Rxe4 Qd5 22. Qg4 g5 23. Bg3 h5 24. Qf5 Rh6 25. f3 Nf6 26. Ree1 Nh7 27. Rad1 d3 28. Bf2 Qe6 29. Qe4 Qd5 30. Qf5 Qe6 31. Qxe6 Rxe6 32. Re3 Nf8 33. Bg3 d2 34. Re2 Ng6 35. Kf2 Rd5 36. Rexd2 Rxd2+ 37. Rxd2 Nxe5 38. Rd5 Nf7 39. a4 Rc6 40. h4 e6 41. Ra5 gxh4 42. Bxh4 e5 43. Bg3 Re6 44. Rd5 Ke7 1/2-1/2

[Event "Icelandic Open 2019"]
[Site "Akureyri"]
[Date "2019.05.27"]
[Round "4.11"]
[White "Johannsson, Birkir Isak"]
[Black "Thorhallsson, Simon"]
[Result "0-1"]
[ECO "E90"]
[WhiteElo "1981"]
[BlackElo "2184"]
[Annotator "NA"]
[PlyCount "50"]
[EventDate "2019.05.25"]
[EventType "swiss"]
[EventCountry "ISL"]
[SourceTitle "playchess.com"]
[Source "ChessBase"]
[SourceQuality "1"]
[TimeControl "40/5400+30:1800+30"]

1. d4 Nf6 2. c4 g6 3. Nc3 Bg7 4. e4 d6 5. h3 O-O 6. Nf3 e5 7. d5 Nh5 8. g3 Na6 9. Nh2 Nc5 10. Be3 a5 11. Be2 Nf6 12. Bxc5 dxc5 13. Bg4 Ne8 14. Bxc8 Rxc8 15. Nf3 Nd6 16. Qe2 f5 17. h4 fxe4 18. Ng5 e3 19. fxe3 e4 20. Ncxe4 Nxe4 21. Nxe4 Qe7 22. Ng5 Bxb2 23. Rb1 Bc3+ 24. Kd1 Rcd8 25. Ne6 Qxe6 0-1

[Event "Icelandic Open 2019"]
[Site "Akureyri"]
[Date "2019.05.27"]
[Round "4.13"]
[White "Karlsson, Mikael Johann"]
[Black "Collin, Jean-Philippe"]
[Result "0-1"]
[ECO "B93"]
[WhiteElo "2146"]
[BlackElo "1792"]
[Annotator "NA RC"]
[PlyCount "44"]
[EventDate "2019.05.25"]
[EventType "swiss"]
[EventCountry "ISL"]
[SourceTitle "playchess.com"]
[Source "ChessBase"]
[SourceQuality "1"]
[TimeControl "40/5400+30:1800+30"]

1. e4 c5 2. Nf3 d6 3. d4 cxd4 4. Nxd4 Nf6 5. Nc3 a6 6. f4 e5 7. Nb3 Nbd7 8. Qf3 Be7 9. Be3 O-O 10. O-O-O Qc7 11. h3 exf4 12. Bxf4 Ne5 13. Qe2 Be6 14. Nd5 Bxd5 15. exd5 Rac8 16. Bxe5 dxe5 17. g4 a5 18. g5 Nh5 19. Rg1 Nf4 20. Qe4 a4 21. Nd2 a3 22. Qc4 Qb6 0-1

[Event "Icelandic Open 2019"]
[Site "Akureyri"]
[Date "2019.05.27"]
[Round "4.14"]
[White "Jonsson, Stefan G"]
[Black "Pinto, Mark"]
[Result "1-0"]
[ECO "A25"]
[WhiteElo "1568"]
[BlackElo "2082"]
[Annotator "NA"]
[PlyCount "67"]
[EventDate "2019.05.25"]
[EventType "swiss"]
[EventCountry "ISL"]
[SourceTitle "playchess.com"]
[Source "ChessBase"]
[SourceQuality "1"]
[TimeControl "40/5400+30:1800+30"]

1. g3 Nf6 2. c4 e5 3. Bg2 Nc6 4. Nc3 a6 5. d3 Bc5 6. e3 O-O 7. a3 Re8 8. b4 Bf8 9. Bb2 Ne7 10. Nf3 d6 11. O-O Bg4 12. h3 Bh5 13. Kh2 Rb8 14. Qb3 c6 15. Ne4 Nxe4 16. dxe4 Qc7 17. c5 Bxf3 18. cxd6 Qxd6 19. Bxf3 Ng6 20. Rad1 Qc7 21. h4 Rbd8 22. Be2 b5 23. h5 Ne7 24. Kg2 Nc8 25. Rxd8 Rxd8 26. Rc1 Bd6 27. Qc3 Ne7 28. Rd1 Nc8 29. f4 f6 30. Qb3+ Kf8 31. fxe5 fxe5 32. Rf1+ Ke8 33. Qg8+ Kd7 34. Bg4+ 1-0